 Dungeon Crawl Stone Soup version 0.27-a0-1065-ge809cff456 (webtiles) character file.

Game seed: 1973032363434436227

22 rageheart7 the Chucker (level 2, 0/32 HPs)
             Began as an Ogre Hunter on Apr 23, 2021.
             Succumbed to an adder's poison
             ... on level 2 of the Dungeon.
             The game lasted 00:01:10 (1248 turns).

rageheart7 the Chucker (Ogre Hunter)                Turns: 1248, Time: 00:01:11

Health: 0/32       AC:  3    Str: 15    XL:     2   Next: 91%
Magic:  2/2        EV:  9    Int: 12    God:
Gold:   33         SH:  0    Dex:  9    Spells: 1/1 levels left

rFire    . . .     SeeInvis .   a - +0 short sword
rCold    . . .     Faith    .   (no shield)
rNeg     . . .     Spirit   .   b - +0 robe
rPois    .         Reflect  .   (helmet restricted)
rElec    .         Harm     .   (no cloak)
rCorr    .         Rampage  .   (gloves unavailable)
Will     .....                  (boots unavailable)
Stlth    +.........             (no amulet)
HPRegen  0.10/turn              (no ring)
MPRegen  0.08/turn              (no ring)

@: lethally poisoned (0 -> -3)
A: large, unfitting armour, tough skin 1
a: no special abilities


You were on level 2 of the Dungeon.
You visited 1 branch of the dungeon, and saw 2 of its levels.

You collected 33 gold pieces.

Inventory:

Hand Weapons
 a - a +0 short sword (weapon)
Missiles
 c - 5 large rocks
 d - 2 throwing nets
 m - 17 stones (quivered)
Armour
 b - a +0 robe (worn)
Jewellery
 e - a ring of ice
Scrolls
 f - a scroll of amnesia {unknown}
 h - a scroll of brand weapon {unknown}
 j - a scroll of identify {unknown}
 l - a scroll of blinking {unknown}
Potions
 g - a potion of curing {unknown}
 i - a potion of haste {unknown}
 k - a potion of heal wounds {unknown}


   Skills:
 * Level 3.7 Fighting
 * Level 4.4 Throwing
 - Level 1.7 Dodging
 - Level 0.6 Stealth


You had one spell level left.
You didn't know any spells.
Your spell library was empty.

Dungeon Overview and Level Annotations

Branches:
Dungeon (2/15)

Altars:


Innate Abilities, Weirdness & Mutations

You are too large for most types of armour.
You have tough skin. (AC +1)


Message History

You feel sick. The adder barely misses you. The adder bites you.
You closely miss the adder.
The adder is moderately wounded.
You feel sick. The adder bites you.
You closely miss the adder.
The adder is moderately wounded.
You feel sick. The adder bites you but does no damage. The adder bites you.
You are more poisoned.
The adder poisons you!
You miss the adder.
The adder is moderately wounded.
You feel sick. The adder barely misses you.
You closely miss the adder.
The adder is moderately wounded.
You feel sick. The adder barely misses you. x2
You miss the adder.
The adder is moderately wounded.
You feel sick. The adder bites you.
You are more poisoned.
The adder poisons you!
You are too injured to fight recklessly!
You are too injured to fight recklessly!
You are too injured to fight recklessly!
You hit the adder.
The adder is heavily wounded.
You feel sick. The adder bites you.
* * * LOW HITPOINT WARNING * * *
The adder bites you but does no damage.
You hit the adder.
The adder is severely wounded.
* * * LOW HITPOINT WARNING * * *
You feel sick. The adder barely misses you.
You hit the adder.
The adder is almost dead.
* * * LOW HITPOINT WARNING * * *
You feel sick. The adder bites you.
* * * LOW HITPOINT WARNING * * *
You hit the adder.
The adder is almost dead.
You die...

#.###...## .#
##.##.....##..#
..............#
#####.....#####
##...#########
#.............
#.#.#########.
#.#.# #.#@#
........S(..#
...##.#.###.#
#.#.# . ... .#
### .# .#


You could see an adder.

Vanquished Creatures
  A dart slug (D:1)
  2 endoplasms (D:1)
  2 giant cockroaches
  3 ball pythons (D:1)
  A frilled lizard (D:1)
  6 goblins
  A kobold (D:1)
  2 rats
18 creatures vanquished.

Notes
Turn   | Place    | Note
-------+----------+-------------------------------------------
     0 | D:1      | rageheart7 the Ogre Hunter began the quest for the Orb.
     0 | D:1      | Reached XP level 1. HP: 22/22 MP: 1/1
   210 | D:1      | Reached XP level 2. HP: 22/31 MP: 2/2
  1247 | D:2      | HP: 1/32 [adder (3)]
  1248 | D:2      | Succumbed to an adder's poison

Illustrated notes

Levels and vault maps discovered:
D:1:      dpeg_arrival_shelter, layout_basic
D:2:      layout_loops_ring, hellmonk_ecumenical_altar_zigzags,
          guppyfry_early_lair_pool, uniq_jessica, uniq_natasha

Skill      XL: |  1 |
---------------+----+-----
Fighting       | 3 |  3.7
Throwing       | |  4.4
Dodging        | |  1.7
Stealth        | |  0.6

Action                   || total
-------------------------++-------
Melee: Short sword       ||    74
Throw: Stone             ||     1
       Large rock        ||     1
 Stab: Sleeping          ||     2
Armor: Robe              ||    23
Dodge: Dodged            ||    27

Table legend: (Time is in decaauts)
 A = Elapsed time spent in this place.
 B = Non-inter-level travel time spent in this place.
 C = Inter-level travel time spent in this place.
 D = Time resting spent in this place.
 E = Time spent auto-exploring this place.
 F = Levels seen in this place.
 G = Mean time per level.
                   A        B        C        D        E       F      G
               +--------+--------+--------+--------+--------+-----+--------+
         Total |   1255 |   1197 |     58 |      0 |   1056 |   2 |  627.5 |
       Dungeon |   1255 |   1197 |     58 |      0 |   1056 |   2 |  627.5 |
               +--------+--------+--------+--------+--------+-----+--------+

Top non-repeatable levels by time:
     D:1: 1164 daAuts
     D:2: 91 daAuts
